 Dungeon Crawl Stone Soup version 0.24.1-14-gf8d2b509d9 (webtiles) character file.

Game seed: 12957095149334151977, levelgen mode: deterministic

143671 Hugehornet the Bludgeoner (level 17, -4/93 HPs)
             Began as a Gargoyle Fighter on May 23, 2020.
             Was the Champion of Cheibriados.
             Slain by an orc warrior
             ... wielding a +0 broad axe
             ... led by Saint Roka
              (6 damage)
             ... on level 3 of the Snake Pit.
             The game lasted 01:42:10 (25608 turns).

Hugehornet the Bludgeoner (Gargoyle Fighter)       Turns: 25608, Time: 01:42:11

Health: -4/93      AC: 36    Str: 35    XL:     17   Next: 38%
Magic:  24/25      EV: 18    Int: 34    God:    Cheibriados [******]
Gold:   2482       SH: 16    Dex: 37    Spells: 3/27 levels left

rFire    . . .     SeeInvis .   x - +6 flail (drain)
rCold    + . .     Gourm    .   c - +0 shield
rNeg     + . .     Faith    .   A - +0 plate armour
rPois    ∞         Spirit   .   w - +0 helmet
rElec    +         Reflect  .   Q - +1 cloak
rCorr    .         Harm     .   v - +0 pair of gloves
MR       +....                  k - +1 pair of boots "Hiedotott" {rPois rC+ Dex+4 Slay+2}
Stlth    ..........             o - amulet of regeneration
HPRegen  0.65/turn              X - ring of the Monkey's Uncle {Int+3 Dex+2}
MPRegen  0.19/turn              d - ring of wizardry

@: agile, flying, lightly drained, very slow
A: big wings, repulsion field 1, agile 1, negative energy resistance 1,
electricity resistance, unbreathing, petrification resistance, rot immunity,
MP-powered wands, AC +12
a: Stop Flying, Bend Time, Temporal Distortion, Slouch, Step From Time, Renounce
Religion


You were on level 3 of the Snake Pit.
You worshipped Cheibriados.
Cheibriados was exalted by your worship.
You were very hungry.

You visited 4 branches of the dungeon, and saw 25 of its levels.
You also visited: Sewer, Bailey, Gauntlet and Ice Cave.

You collected 2482 gold pieces.

Inventory:

Hand Weapons
 x - a +6 flail of draining (weapon)
 G - the +3 morningstar of Geiwk {holy, Int+7 Stlth+}
   (You found it in a bailey)

   It has been blessed by the Shining One to cause great damage to the undead
   and demons.
   It affects your intelligence (+7).
   It makes you more stealthy.
 V - the +7 morningstar of Fedhas's Esteem {crush, rPois Dex+4}
   (You found it on level 6 of the Lair of Beasts)

   It inflicts extra damage upon your enemies.
   It affects your dexterity (+4).
   It protects you from poison.
Armour
 c - a +0 shield (worn)
 k - the +1 pair of boots "Hiedotott" (worn) {rPois rC+ Dex+4 Slay+2}
   (You found it in a Gauntlet)

   It affects your dexterity (+4).
   It affects your accuracy and damage with ranged weapons and melee attacks
   (+2).
   It protects you from cold.
   It protects you from poison.
 v - a +0 pair of gloves (worn)
 w - a +0 helmet (worn)
 A - a +0 plate armour (worn)
 J - +0 fire dragon scales
 Q - a +1 cloak (worn)
Jewellery
 b - an uncursed ring of resist corrosion
 d - a ring of wizardry (right hand)
 o - an amulet of regeneration (around neck)
 y - an uncursed ring of protection from cold
 D - an uncursed ring of protection from cold
 X - the ring of the Monkey's Uncle (left hand) {Int+3 Dex+2}
   (You found it on level 1 of the Lair of Beasts)

   [ring of dexterity]

   It affects your intelligence (+3).
   It affects your dexterity (+2).
 Z - an uncursed ring of fire
Wands
 h - a wand of scattershot (5)
 p - a wand of disintegration (16)
 q - a wand of paralysis (9)
 B - a wand of digging (4)
 I - a wand of iceblast (32)
 L - a wand of acid (13)
 T - a wand of clouds (3)
Scrolls
 a - 3 scrolls of magic mapping
 g - 2 scrolls of teleportation
 m - 4 scrolls of amnesia
 r - a scroll of holy word {unknown}
 s - 2 scrolls of enchant armour
 E - 4 scrolls of summoning
 F - a scroll of enchant weapon {unknown}
 H - 3 scrolls of fear
 K - 7 scrolls of remove curse
 M - 3 scrolls of vulnerability
 O - 3 scrolls of blinking
 R - a scroll of brand weapon {unknown}
 S - 4 scrolls of silence
 W - 4 scrolls of fog
 Y - a scroll of random uselessness {unknown}
Potions
 e - a potion of ambrosia
 j - a potion of brilliance
 l - 2 potions of agility
 n - 2 potions of cancellation
 t - 6 potions of lignification
 u - 4 potions of magic
 C - 3 potions of curing
Comestibles
 f - 63 rations


   Skills:
 + Level 6.2(6.0) Fighting
 + Level 15.9(15.7) Maces & Flails
 * Level 12.6(12.4) Armour
 + Level 3.6(3.4) Dodging
 + Level 9.6(9.5) Shields
 + Level 5.9(5.7) Spellcasting
 * Level 9.7(9.6) Conjurations
 * Level 5.7(5.5) Necromancy
 * Level 4.8(4.6) Translocations
 * Level 9.2(9.0) Fire Magic
 - Level 6.0(5.8) Air Magic
 * Level 8.3(8.2) Earth Magic
 - Level 6.0(5.8) Poison Magic
 + Level 8.8(8.6) Invocations


You had 3 spell levels left.
You knew the following spells:

 Your Spells              Type           Power        Failure   Level  Hunger
a - Mephitic Cloud        Conj/Pois/Air  ######..     2%          3    None
b - Conjure Flame         Conj/Fire      ######..     1%          3    None
c - Bolt of Magma         Conj/Fire/Erth ######....   12%         5    #####..
d - Borgnjor's Vile Clut  Necr/Erth      ######....   26%         5    #####..
e - Lesser Beckoning      Tloc           #####.....   8%          3    None
f - Dispel Undead         Necr           #####...     41%         5    #####..

Your spell library contained the following spells:

 Spells                   Type           Power        Failure   Level  Hunger
 Animate Skeleton         Necr           N/A          1%          1    None
 Pain                     Necr           ####         1%          1    None
 Throw Flame              Conj/Fire      ######       1%          2    None
 Static Discharge         Conj/Air       ######..     1%          3    None
 Apportation              Tloc           #####.       2%          1    None
 Corpse Rot               Necr           N/A          2%          2    None
 Poisonous Vapours        Pois/Air       #####.       2%          2    None
 Throw Frost              Conj/Ice       #####.       3%          2    None
 Vampiric Draining        Necr           #####.....   4%          3    None
 Dazzling Spray           Conj/Hex       #####.       7%          3    None
 Shroud of Golubria       Chrm/Tloc      ####..       10%         2    None
 Corona                   Hex            #......      16%         1    None
 Infusion                 Chrm           #...         16%         1    None
 Summon Butterflies       Summ           #.......     16%         1    None
 Regeneration             Chrm/Necr      ####......   16%         3    None
 Ensorcelled Hibernation  Hex/Ice        #.....       24%         2    None
 Song of Slaying          Chrm           #.......     24%         2    None
 Confuse                  Hex            #.......     43%         3    None
 Spectral Weapon          Hex/Chrm       #.......     43%         3    None
 Tukima's Dance           Hex            #.......     43%         3    None
 Fireball                 Conj/Fire      ######....   10%         5    #####..
 Animate Dead             Necr           N/A          16%         4    ##.....
 Venom Bolt               Conj/Pois      ######....   19%         5    #####..
 Bolt of Draining         Conj/Necr      ######....   21%         5    #####..
 Leda's Liquefaction      Hex/Erth       #####.....   28%         4    ##.....
 Agony                    Necr           #####...     41%         5    #####..
 Summon Lightning Spire   Summ/Air       ####....     43%         4    ##.....
 Iron Shot                Conj/Erth      ######....   52%         6    ######.
 Alistair's Intoxication  Tmut/Pois      ####....     77%         5    #####..
 Excruciating Wounds      Chrm/Necr      ####......   78%         5    #####..
 Freezing Cloud           Conj/Ice/Air   #####.....   95%         6    ######.
 Deflect Missiles         Chrm/Air       ####......   99%         6    ######.
 Invisibility             Hex            #.......     100%        6    ######.
 Ring of Flames           Chrm/Fire      #####.....   100%        7    #######
 Shatter                  Erth           ######....   100%        9    #######
 Sublimation of Blood     Necr           Unusable     N/A         2    N/A
 Statue Form              Tmut/Erth      Unusable     N/A         6    N/A

Dungeon Overview and Level Annotations

Branches:
Dungeon (15/15)            Temple (1/1) D:6            Lair (6/6) D:10
  Swamp (0/4) Lair:4        Snake (3/4) Lair:3        Slime (0/5) Lair:5
    Orc (0/2) D:10         Vaults (0/5) D:14         Depths (0/5) D:15
  Sewer (visited)          Bailey (visited)           IceCv (visited)
Gauntlet (visited)

Altars:
Ashenzari
Cheibriados
Dithmenos
Elyvilon
Fedhas
Gozag
Hepliaklqana
Kikubaaqudgha
Makhleb
Nemelex Xobeh
Okawaru
Qazlal
Ru
Sif Muna
Trog
Uskayaw
Vehumet
Wu Jian
Xom
Yredelemnul
Zin
The Shining One
Jiyva

Shops:
D:9 :   D:13 }

Portals:
Trove: D:14 (give +4 ice dragon scales)

Annotations:
D:10 2 transporters, kathalu's ghost, novice MiBe
Snake:3 Saint Roka


Innate Abilities, Weirdness & Mutations

You are resistant to torment.
Your stone body is resilient. (AC +12)
You are immune to poison.
Your large and strong wings let you fly indefinitely.
You resist negative energy. (rN+)
You are resistant to electric shocks. (rElec)
You can survive without breathing.
You are immune to petrification.
You are immune to rotting.
You are surrounded by a mild repulsion field. (EV +2)
You are agile. (Dex +2)
You expend magic power (3 MP) to strengthen your wands.


Message History

Saint Roka mumbles some strange prayers to Beogh against you.
Beogh smites you!
You closely miss the orc warrior.
The orc warrior is moderately wounded.
The orc warrior hits you but does no damage.
Saint Roka invokes the aid of Beogh against you.
Beogh smites you!
* * * LOW HITPOINT WARNING * * *
Unknown command.
You feel better.
Saint Roka mumbles some strange prayers to Beogh against you.
Beogh smites you!
* * * LOW HITPOINT WARNING * * *
You block the orc warrior's attack.
You feel agile all of a sudden.
Saint Roka mumbles some strange prayers to Beogh against you.
Beogh smites you!
* * * LOW HITPOINT WARNING * * *
The orc warrior hits you with a +0 broad axe.
You die...

#.## .. #.## ### .# #.## ..#
####. #.## #.# #.... #.## #.#
#.#.# #.## #.#####.#.# #.##
#......o#.######### #.##
#......@o[........# #.## .
##.#######o######..###.## <.
#..###.....o.## #........ ...
#.............###..###.##
..#######..###..<...........##.##
........#..###..)............#.##
.................................
............##....[..............
........#...######..##..o....#.##


You could see Saint Roka, an orc warrior, an orc wizard and an orc.

Vanquished Creatures
  Rupert (Lair:5)
  3 nagarajas
  A fire giant (D:15)
  Aizul (Snake:2)
  Nessos (D:13)
  A minotaur (Gauntlet)
  Snorg (D:12)
  A fire dragon (Lair:6)
  Erolcha (D:13)
  An ice dragon (Lair:6)
  4 hydras
  3 centaur warriors
  8 naga warriors
  A vault guard (D:14)
  A ghost crab (Gauntlet)
  7 two-headed ogres
  2 catoblepae
  A death knight (D:13)
  5 anacondas
  3 death yaks (Lair:6)
  An ogre mage (D:14)
  A death scarab (Gauntlet)
  An orc high priest (Bailey)
  7 naga sharpshooters
  Urug (Lair:4)
  A fire crab (shapeshifter) (D:15)
  2 naga ritualists (Snake:3)
  2 wizards
  3 unseen horrors
  2 spectral hydras (Gauntlet)
  2 phantasmal warriors (D:13)
  2 lindwurms (Lair:6)
  6 orc knights
  4 mana vipers
  2 orc sorcerers
  5 oklob plants
  2 wolf spider zombies
  16 ugly things
  2 wolf spiders (Lair:6)
  2 deep elf magi
  3 cyclopes
  4 manticores
  21 elephants
  6 salamanders
  2 ice statues (IceCv)
  26 black mambas
  2 gargoyles
  4 guardian serpents
  7 torpor snails
  10 naga magi
  2 molten gargoyles (Lair:3)
  11 spiny frogs
  A rime drake (Lair:1)
  10 komodo dragons
  A kobold demonologist (Bailey)
  2 polar bears
  3 slime creatures (D:14)
  8 hornets
  7 trolls
  Grinder (D:4)
  14 blink frogs
  Prince Ribbit (D:7)
  4 tyrant leeches (Lair:6)
  4 dream sheep
  13 hippogriffs
  2 spectral black mambas (Gauntlet)
  A spriggan (Lair:3)
  A vampire (D:10)
  A centaur simulacrum (D:15)
  4 wyverns
  40 yaks
  2 wraiths
  A basilisk (Lair:6)
  2 hungry ghosts
  Grum (D:8)
  4 vampire mosquitoes (Lair:4)
  31 nagas
  6 wargs
  Edmund (D:5)
  An acid dragon (D:7)
  A soldier ant (D:8)
  14 water moccasins
  18 orc warriors
  8 porcupines
  Purgy (Sewer)
  10 ice beasts
  2 eyes of draining
  7 phantoms
  2 necrophages
  8 sky beasts
  44 wolves
  7 black bears
  4 centaurs
  17 crocodiles
  13 ogres
  27 bullfrogs
  2 wyvern zombies
  2 wyvern skeletons
  6 scorpions
  16 killer bees
  3 wights (D:7)
  3 howler monkeys
  2 electric eels (Bailey)
  2 centaur zombies
  5 crimson imps
  5 lava snakes (Lair:3)
  8 hounds
  2 bullfrog skeletons
  9 jellies
  A quasit (D:12)
  3 gnoll shamans
  10 orc priests
  3 centaur skeletons
  An iron imp (D:6)
  19 orc wizards
  6 iguanas
  14 worker ants
  2 hound skeletons
  A howler monkey skeleton (D:5)
  A worker ant zombie (D:9)
  25 gnolls
  15 adders
  10 shadow imps
  5 oozes
  5 worms
  6 dart slugs
  5 leopard geckos
  61 orcs
  2 ball pythons
  10 giant cockroaches
  15 hobgoblins
  12 jackals
  8 quokkas
  10 bats
  5 frilled lizards
  12 goblins
  A goblin skeleton (D:6)
  2 goblin zombies (D:6)
  4 hobgoblin zombies (D:6)
  A jackal skeleton (D:4)
  11 kobolds
  An orc skeleton (D:6)
  A quokka skeleton (D:5)
  9 rats
  A bush (Lair:3)
  2 plants (D:2)
924 creatures vanquished.

Vanquished Creatures (others)
  A rime drake (Lair:6)
  33 fungi
  25 plants
  14 withered plants (Gauntlet)
73 creatures vanquished.

Grand Total: 997 creatures vanquished

Notes
Turn   | Place    | Note
-------+----------+-------------------------------------------
     0 | D:1      | Hugehornet the Gargoyle Fighter began the quest for the
                  | Orb.
     0 | D:1      | Reached XP level 1. HP: 14/14 MP: 1/1
     1 | D:1      | Found a runed translucent door.
   202 | D:1      | Reached XP level 2. HP: 16/19 MP: 2/2
   431 | D:1      | Reached skill level 3 in Maces & Flails
   868 | D:1      | Reached XP level 3. HP: 23/23 MP: 3/3
   985 | D:1      | Reached skill level 4 in Maces & Flails
  1126 | D:2      | Reached XP level 4. HP: 28/28 MP: 4/4
  1159 | D:2      | Found a hazy altar of Hepliaklqana.
  2085 | D:3      | Reached skill level 5 in Maces & Flails
  2085 | D:3      | Reached XP level 5. HP: 22/32 MP: 5/5
  2591 | D:3      | Reached skill level 6 in Maces & Flails
  2591 | D:3      | Reached XP level 6. HP: 31/37 MP: 6/6
  2970 | D:3      | Found a shadowy altar of Dithmenos.
  2970 | D:3      | Found a hazy altar of Hepliaklqana.
  2970 | D:3      | Found a shimmering blue altar of Sif Muna.
  2970 | D:3      | Found a blossoming altar of Fedhas.
  2987 | D:3      | Found a bloodstained altar of Trog.
  2991 | D:3      | Found a basalt altar of Yredelemnul.
  3085 | D:3      | Reached skill level 7 in Maces & Flails
  3265 | D:4      | Reached XP level 7. HP: 40/41 MP: 7/7
  3371 | D:4      | Reached skill level 8 in Maces & Flails
  3589 | D:4      | Noticed Grinder
  3589 | D:4      | Paralysed by Grinder for 6 turns
  3610 | D:4      | Killed Grinder
  3610 | D:4      | Reached skill level 9 in Maces & Flails
  3610 | D:4      | Reached XP level 8. HP: 35/46 MP: 8/8
  3782 | D:4      | Found a burning altar of Makhleb.
  3867 | D:5      | Entered Level 5 of the Dungeon
  3880 | D:5      | Identified a scroll of acquirement
  3935 | D:5      | Found a glowing drain.
  3939 | Sewer    | Entered a sewer
  3978 | Sewer    | Noticed Purgy
  4002 | Sewer    | Killed Purgy
  4309 | D:5      | Reached skill level 10 in Maces & Flails
  4454 | D:5      | Noticed Edmund
  4476 | D:5      | Killed Edmund
  4902 | D:6      | Found a staircase to the Ecumenical Temple.
  4910 | Temple   | Entered the Ecumenical Temple
  4916 | Temple   | Reached skill level 11 in Maces & Flails
  4977 | Temple   | Became a worshipper of Cheibriados the Contemplative
  5033 | D:6      | Reached XP level 9. HP: 49/51 MP: 9/9
  5138 | D:6      | Reached * piety under Cheibriados
  5139 | D:6      | Found a glowing golden altar of the Shining One.
  5614 | D:7      | Noticed Prince Ribbit
  5625 | D:7      | HP: 2/51 [Prince Ribbit (4)]
  5626 | D:7      | Gained mutation: Scrolls take you a little longer to read.
                  | [potion of mutation]
  5626 | D:7      | Gained mutation: You are agile. (Dex +2) [potion of
                  | mutation]
  5626 | D:7      | Gained mutation: You tend to lose your temper in combat.
                  | [potion of mutation]
  5626 | D:7      | Gained mutation: You are partially covered in rugged brown
                  | scales. (AC +1, +3% HP) [potion of mutation]
  5710 | D:6      | Lost mutation: Scrolls take you a little longer to read.
                  | [potion of mutation]
  5710 | D:6      | Lost mutation: You tend to lose your temper in combat.
                  | [potion of mutation]
  5710 | D:6      | Lost mutation: You are partially covered in rugged brown
                  | scales. (AC +1, +3% HP) [potion of mutation]
  5710 | D:6      | Gained mutation: You expend magic power (3 MP) to
                  | strengthen your wands. [potion of mutation]
  5710 | D:6      | Gained mutation: You are surrounded by a mild repulsion
                  | field. (EV +2) [potion of mutation]
  5799 | D:7      | Reached skill level 12 in Maces & Flails
  5821 | D:7      | Killed Prince Ribbit
  6101 | D:7      | Reached ** piety under Cheibriados
  6127 | D:7      | Found an iron altar of Okawaru.
  6300 | D:7      | Reached skill level 13 in Maces & Flails
  6471 | D:8      | Noticed Grum
  6482 | D:8      | Reached XP level 10. HP: 53/56 MP: 10/10
  6502 | D:8      | Killed Grum
  6531 | D:8      | Reached *** piety under Cheibriados
  6552 | D:8      | Found a glowing silver altar of Zin.
  6567 | D:8      | Reached skill level 14 in Maces & Flails
  6633 | D:8      | Found a flagged portal.
  6642 | Bailey   | Entered a bailey
  6685 | Bailey   | Noticed an orc high priest
  6686 | Bailey   | Noticed an orc knight
  6701 | Bailey   | Killed an orc knight
  6701 | Bailey   | Reached skill level 1 in Invocations
  6711 | Bailey   | Noticed a kobold demonologist
  6721 | Bailey   | Killed a kobold demonologist
  6770 | Bailey   | Reached skill level 5 in Armour
  6777 | Bailey   | Noticed a sixfirhy
  6782 | Bailey   | Killed an orc high priest
  6859 | Bailey   | Reached **** piety under Cheibriados
  6893 | Bailey   | Found an iron altar of Okawaru.
  6920 | Bailey   | Noticed an orc knight
  6930 | Bailey   | Killed an orc knight
  6930 | Bailey   | Reached skill level 5 in Shields
  7014 | Bailey   | Noticed an orc knight
  7027 | Bailey   | Killed an orc knight
  7027 | Bailey   | Reached XP level 11. HP: 58/60 MP: 8/14
  7117 | Bailey   | Got a polished morningstar
  7119 | Bailey   | Identified the cursed +3 morningstar of Geiwk {holy, Int+7
                  | Stlth+} (You found it in a bailey)
  7251 | Bailey   | Noticed an orc knight
  7269 | Bailey   | Killed an orc knight
  7344 | Bailey   | Learned a level 3 spell: Mephitic Cloud
  7348 | Bailey   | Learned a level 3 spell: Conjure Flame
  7378 | Bailey   | Noticed an orc knight
  7392 | Bailey   | Killed an orc knight
  7559 | Bailey   | Got a pair of jewelled gloves
  7570 | Bailey   | Identified the -4 pair of gloves of Starshine {rF+} (You
                  | acquired it in a bailey)
  7876 | D:8      | Reached skill level 1 in Conjurations
  8074 | D:8      | Reached skill level 1 in Fire Magic
  8074 | D:8      | Reached skill level 1 in Poison Magic
  8414 | D:9      | Reached skill level 1 in Air Magic
  8503 | D:9      | Found a hide-covered altar of Uskayaw.
  8512 | D:9      | Noticed a +0 dagger
  8512 | D:9      | Noticed a +0 hand axe
  8550 | D:9      | Reached skill level 1 in Spellcasting
  8666 | D:9      | Reached ***** piety under Cheibriados
  8978 | D:9      | Found Cuborr's Book Boutique.
  9100 | D:10     | Entered Level 10 of the Dungeon
  9100 | D:10     | Found a staircase to the Orcish Mines.
  9138 | D:10     | Found a transporter.
  9144 | D:10     | Noticed kathalu's ghost (novice MiBe)
  9147 | D:10     | Noticed a moth of wrath
  9184 | D:10     | Reached skill level 5 in Invocations
  9436 | D:10     | Noticed a two-headed ogre
  9447 | D:10     | Killed a two-headed ogre
  9488 | D:10     | Found a staircase to the Lair.
  9529 | D:10     | Reached XP level 12. HP: 63/64 MP: 15/15
  9670 | D:10     | Identified the Almanac of Ashen Air
  9687 | D:10     | Found a transporter.
  9900 | D:11     | Reached ****** piety under Cheibriados
 10228 | D:11     | Noticed a two-headed ogre
 10247 | D:11     | Killed a two-headed ogre
 10556 | Lair:1   | Entered Level 1 of the Lair of Beasts
 10888 | Lair:1   | Got a warped silver ring
 11257 | Lair:2   | Reached XP level 13. HP: 28/68 MP: 17/17
 11553 | Lair:2   | Reached skill level 5 in Conjurations
 11645 | Lair:2   | Reached skill level 5 in Poison Magic
 11672 | Lair:2   | Identified the ring of the Monkey's Uncle {Int+3 Dex+2}
                  | (You found it on level 1 of the Lair of Beasts)
 12348 | Lair:3   | Found a staircase to the Snake Pit.
 12426 | Lair:3   | Reached skill level 5 in Fire Magic
 12459 | Lair:3   | Reached skill level 10 in Armour
 13150 | Lair:3   | Reached skill level 5 in Air Magic
 13239 | Lair:3   | Reached skill level 15 in Maces & Flails
 13560 | Lair:4   | Found a staircase to the Swamp.
 13637 | Lair:4   | Noticed Urug
 13647 | Lair:4   | Killed Urug
 13852 | Lair:4   | Gained mutation: Your large and strong wings let you fly
                  | indefinitely. [Gargoyle growth]
 13852 | Lair:4   | Reached XP level 14. HP: 65/74 MP: 19/19
 13890 | Lair:4   | Learned a level 5 spell: Bolt of Magma
 13896 | Lair:4   | Learned a level 5 spell: Borgnjor's Vile Clutch
 14364 | Lair:4   | Reached skill level 1 in Earth Magic
 14709 | Lair:5   | Reached skill level 1 in Necromancy
 15094 | Lair:5   | Noticed Rupert
 15109 | Lair:5   | Killed Rupert
 15311 | Lair:5   | Found a runed translucent door.
 15311 | Lair:5   | Found a viscous altar of Jiyva.
 15313 | Lair:5   | Found a staircase to the Slime Pits.
 15562 | Lair:6   | Entered Level 6 of the Lair of Beasts
 15622 | Lair:6   | Got a steaming morningstar
 15631 | Lair:6   | Identified the +7 morningstar of Fedhas's Esteem {crush,
                  | rPois Dex+4} (You found it on level 6 of the Lair of
                  | Beasts)
 15636 | Lair:6   | Found a frozen archway.
 15672 | Lair:6   | Reached skill level 1 in Dodging
 15751 | IceCv    | Entered an ice cave
 15752 | IceCv    | Found a transporter.
 15802 | IceCv    | Found a transporter.
 15811 | IceCv    | Got a vibrating lead ring
 15921 | Lair:6   | Identified the ring of Wu Jian's Displeasure {rElec EV+3
                  | Stlth+} (You found it in an ice cave)
 16538 | Lair:6   | Found a runed translucent door.
 16873 | Lair:6   | Reached XP level 15. HP: 68/80 MP: 21/21
 17901 | D:12     | Reached skill level 5 in Earth Magic
 17960 | D:12     | Identified the Grimoire of Arcane Weapons
 17994 | D:12     | Learned a level 3 spell: Lesser Beckoning
 18712 | D:13     | Noticed Snorg
 18722 | D:12     | Killed Snorg
 18726 | D:13     | Noticed Erolcha
 18840 | D:13     | Killed Erolcha
 18932 | D:13     | Noticed Nessos
 18941 | D:13     | Killed Nessos
 18941 | D:13     | Reached skill level 1 in Translocations
 19667 | D:13     | Found Bibiox's Gadget Shop.
 20250 | D:14     | Found a gate leading to a gauntlet.
 20294 | Gauntlet | Entered a Gauntlet
 20294 | Gauntlet | Found a transporter.
 20294 | Gauntlet | Found a transporter.
 20296 | Gauntlet | Found a transporter.
 20298 | Gauntlet | Found a transporter.
 20311 | Gauntlet | Found a transporter.
 20312 | Gauntlet | Found a transporter.
 20321 | Gauntlet | Found a transporter.
 20328 | Gauntlet | Found a transporter.
 20328 | Gauntlet | Found a transporter.
 20348 | Gauntlet | Found a transporter.
 20409 | Gauntlet | Found a transporter.
 20419 | Gauntlet | Found a transporter.
 20716 | Gauntlet | Reached skill level 5 in Spellcasting
 20753 | Gauntlet | Got a pair of shimmering boots
 20764 | Gauntlet | Identified the +1 pair of boots "Hiedotott" {rPois rC+
                  | Dex+4 Slay+2} (You found it in a Gauntlet)
 20867 | Gauntlet | Reached skill level 5 in Fighting
 20983 | Gauntlet | Identified the +8 halberd of Conscience {chop, rN+ Stlth+}
 21087 | D:14     | Found a portal to a secret trove of treasure.
 21253 | D:14     | Found a sacrificial altar of Ru.
 21326 | D:14     | Reached XP level 16. HP: 75/87 MP: 23/23
 21384 | D:14     | Found a gate to the Vaults.
 21517 | D:15     | Entered Level 15 of the Dungeon
 21805 | D:15     | Found a staircase to the Depths.
 22556 | Lair:3   | Learned a level 5 spell: Dispel Undead
 22673 | Snake:1  | Entered Level 1 of the Snake Pit
 23513 | Snake:2  | Noticed a nagaraja
 23532 | Snake:2  | Killed a nagaraja
 23532 | Snake:2  | Reached skill level 5 in Necromancy
 24116 | Snake:2  | Noticed Aizul
 24133 | Snake:2  | Killed Aizul
 24469 | Snake:2  | Reached XP level 17. HP: 85/93 MP: 25/25
 25424 | Snake:3  | Noticed Saint Roka
 25455 | Snake:3  | Paralysed by an orc sorcerer for 5 turns
 25608 | Snake:3  | HP: 2/93 [Saint Roka/divine providence (14)]
 25608 | Snake:3  | Slain by an orc warrior

Levels and vault maps discovered:
D:1:      dpeg_arrival_caged_fury, layout_basic
D:2:      wad_woods_stonehenge, layout_basic
D:3:      layout_loops_ring, minmay_overflow_temple_hex
D:4:      layout_rooms, kennysheep_little_box, first_ration, uniq_grinder
D:5:      layout_rooms, gup_sewer_entry_bowl, uniq_edmund
D:6:      layout_basic, minmay_temple_entry_statues_fountains,
          nicolae_tso_besieged_by_evil
D:7:      layout_loops_ring, okawaru_gym_becter, uniq_prince_ribbit1
D:8:      layout_loops_ring, lemuel_doored_altar, enter_bailey_8,
          hangedman_pestilent_swarm, uniq_grum
D:9:      layout_basic, dancing_weapons_uskayaw, serial_shops,
          nicolae_shop_stone, minmay_circle_x
D:10:     layout_rooms, due_lair_maze_entry_diamond,
          minmay_orc_entry_guard_dogs, gammafunk_ghost_berserking_beasts
D:11:     layout_roguey
D:12:     cheibrodos_fzero, layout_basic
D:13:     layout_grid_maze, serial_shops, nicolae_shop_trees, uniq_erolcha,
          uniq_nessos, uniq_snorg
D:14:     layout_cave_pools, david_vaults_2, enter_trove_5,
          hangedman_ru_absence, gauntlet_entry_generic
D:15:     grunt_enter_depths_giant_problem, layout_rooms,
          chequers_serial_rivers_micro_d
Temple:   nicolae_temple_hex_pool
Lair:1:   layout_roguey, st_stairs_11, lemuel_fruit_tree
Lair:2:   layout_regular_city
Lair:3:   cheibrodos_magma_flow, layout_chaotic_city, minmay_lair_oklob_items,
          grunt_forest_stairs_clearing
Lair:4:   layout_loops_ring, minmay_swamp_entry_swarm,
          minmay_lair_oklob_chamber, uniq_urug
Lair:5:   layout_regular_city, slime_altar_2, grunt_forest_large_clearings,
          grunt_megastairs_5, uniq_rupert
Lair:6:   wormcave, layout_regular_city, hangedman_lair_in_review,
          portal_ice_cave_entry_animals_and_master
Snake:1:  layout_gridlike, st_stairs_8
Snake:2:  layout_misc_corridors, uniq_aizul
Snake:3:  layout_gridlike, uniq_saint_roka

Skill      XL: |  1  2  3  4  5  6  7  8  9 10 11 12 13 14 15 16 17 |
---------------+----------------------------------------------------+-----
Maces & Flails | 3 4 5 6 7 9 11 13 14 15 | 15.9
Armour         | 7 8 9 10 11 12 | 12.6
Invocations    | 4 5 6 7 8 |  8.8
Shields        | 5 6 7 8 9 |  9.6
Conjurations   | 3 4 6 7 8 9 |  9.7
Fire Magic     | 2 4 5 6 8 9 |  9.2
Poison Magic   | 2 4 6 |  6.0
Air Magic      | 2 4 5 6 |  6.0
Spellcasting   | 1 2 3 4 5 |  5.9
Earth Magic    | 4 6 7 8 |  8.3
Necromancy     | 2 4 5 |  5.7
Dodging        | 1 2 3 |  3.6
Fighting       | 4 5 6 |  6.2
Translocations | 2 4 |  4.8

Action                   |  1- 3 |  4- 6 |  7- 9 | 10-12 | 13-15 | 16-18 || total
-------------------------+-------+-------+-------+-------+-------+-------++-------
Melee: Flail             |    30 |       |   204 |   648 |  1554 |   852 ||  3288
       Whip              |    73 |   307 |   200 |       |       |       ||   580
       Trident           |       |       |    58 |       |       |       ||    58
       Morningstar       |       |       |       |   148 |    36 |       ||   184
 Cast: Mephitic Cloud    |       |       |       |       |     6 |     1 ||     7
       Conjure Flame     |       |       |       |       |     3 |       ||     3
       Lesser Beckoning  |       |       |       |       |       |    17 ||    17
Invok: Slouch            |       |       |       |     1 |       |       ||     1
       Bend Time         |       |       |       |       |     1 |       ||     1
 Abil: Evoke Flight      |       |       |     1 |     1 |       |       ||     2
       Stop Flying       |       |       |     1 |       |       |       ||     1
       Fly               |       |       |       |       |     1 |       ||     1
  Use: Scroll            |     3 |     3 |    10 |     6 |    16 |     7 ||    45
       Potion            |       |       |     5 |     3 |    19 |     5 ||    32
 Stab: Confused          |       |       |       |       |     9 |       ||     9
       Petrified         |       |       |       |       |     2 |       ||     2
  Eat: Chunk             |     1 |     7 |     9 |    10 |    18 |     5 ||    50
       Ration            |       |       |       |       |     1 |     1 ||     2
Armor: Scale mail        |    55 |   119 |   216 |    67 |       |       ||   457
       Plate armour      |       |       |       |   272 |   983 |   468 ||  1723
       Fire dragon scale |       |       |       |       |   108 |       ||   108
       Chain mail        |       |       |       |       |    18 |       ||    18
Dodge: Dodged            |    20 |    31 |    75 |   182 |   650 |   317 ||  1275
Block: Shield            |    40 |    90 |   201 |   393 |  1279 |   676 ||  2679
